 Dungeon Crawl Stone Soup version 0.29-a0-330-g52719c12eb (webtiles) character file.

Game seed: 13573702518162140453

117757 Ajdolov the Brawler (level 14, 0/66 (69) HPs)
             Began as a Vine Stalker Fighter on Apr 21, 2022.
             Was the Champion of Ru.
             Succumbed to poison (dark miasma)
             ... on level 3 of the Swamp.
             The game lasted 00:59:38 (24691 turns).

Ajdolov the Brawler (Vine Stalker Fighter)         Turns: 24691, Time: 00:59:39

HP:   0/66 (69)     AC: 29    Str: 23    XL:     14   Next: 75%
MP:   11/29         EV:  9    Int: 11    God:    Ru [******]
Gold: 5460          SH:  9    Dex: 15    Spells: 33/33 levels left

rFire   + . .      SeeInvis .     - Unarmed
rCold   . . .      Faith    .   S - +3 warlock's mirror {reflect}
rNeg    . . .      Spirit   +   b - +2 plate armour {rF+}
rPois   +          Reflect  +   x - +2 helmet {Int+3}
rElec   .          Harm     .   f - +2 cloak {rCorr}
rCorr   +          Rampage  .   A - +2 pair of gloves
Will    +....                   G - +2 pair of boots {Fly}
Stlth   ..........              R - amulet of magic regeneration
HPRegen 1.01/turn               X - +4 ring of slaying
MPRegen 0.61/turn               w - ring of poison resistance

@: lethally poisoned (0 -> -24), exhausted, flying, slowed, studying Bows,
lightly drained, unable to drink, very slow
A: fangs 3, frail 1, regeneration 1, magic shield, antimagic bite, no potion
heal 2, inability to drink while threatened, no hexes magic, no ice magic, no
necromancy magic, inexperienced 1, missing an eye
a: Renounce Religion, Draw Out Power, Power Leap, Apocalypse


You were on level 3 of the Swamp.
You worshipped Ru.
Ru was exalted by your worship.
You visited 4 branches of the dungeon, and saw 26 of its levels.
You also visited: Bailey.

You collected 5691 gold pieces.
You spent 231 gold pieces at shops.

Inventory:

Missiles
 a - 4 curare-tipped darts
 z - 4 throwing nets (quivered)
Armour
 b - a +2 plate armour of fire resistance (worn)
 f - a +2 cloak of preservation (worn)
 x - a +2 helmet of intelligence (worn)
 A - a +2 pair of gloves (worn)
 G - a +2 pair of boots of flying (worn)
 S - the +3 warlock's mirror (worn) {reflect}
   (You acquired it on level 5 of the Lair of Beasts)

   It can block and reflect piercing ranged attacks and magical attacks against
   the wielder's willpower.
Jewellery
 v - a ring of fire
 w - a ring of poison resistance (right hand)
 H - a ring of magical power
 N - a ring of ice
 R - an amulet of magic regeneration (around neck)
 X - a +4 ring of slaying (left hand)
Wands
 q - a wand of polymorph (22)
 t - a wand of flame (27)
 u - a wand of acid (22)
 C - a wand of paralysis (8)
 L - a wand of charming (2)
 Q - a wand of iceblast (5)
Scrolls
 d - 5 scrolls of identify
 g - 14 scrolls of teleportation
 h - 2 scrolls of noise
 i - 4 scrolls of magic mapping
 r - 2 scrolls of immolation
 y - 2 scrolls of fear
 B - a scroll of silence
 D - 5 scrolls of blinking
 I - 2 scrolls of enchant armour
 J - 6 scrolls of vulnerability
 M - 9 scrolls of enchant weapon
 O - 3 scrolls of brand weapon
 U - 2 scrolls of fog
Potions
 c - 4 potions of might
 e - 3 potions of lignification
 j - 2 potions of resistance {unknown}
 k - 2 potions of cancellation {unknown}
 l - 12 potions of curing
 n - a potion of magic {unknown}
 o - 7 potions of attraction
 p - 3 potions of haste
 s - 3 potions of brilliance
 E - a potion of ambrosia
 F - 8 potions of flight
 K - 3 potions of berserk rage
 P - a potion of mutation
 T - 3 potions of invisibility
Miscellaneous
 V - a condenser vane
 W - a box of beasts


   Skills:
 - Level 10.0 Fighting
 - Level 8.8 Armour
 + Level 7.5 Dodging
 + Level 8.1 Shields
 * Level 16.9 Unarmed Combat
 - Level 10.0 Spellcasting
 + Level 12.2 Evocations


You had 33 spell levels left.
You didn't know any spells.
Your spell library contained the following spells:

 Spells                   Type           Power      Damage    Failure   Level
 Apportation              Tloc           10%        N/A       91%         1
 Blink                    Tloc           10%        N/A       97%         2
 Gell's Gravitas          Tloc           5%         N/A       99%         3
 Lesser Beckoning         Tloc           5%         N/A       99%         3
 Teleport Other           Tloc           5%         N/A       99%         3
 Passage of Golubria      Tloc           5%         N/A       100%        4
 Petrify                  Tmut/Erth      5%         N/A       100%        4
 Alistair's Intoxication  Tmut/Pois      3%         N/A       100%        5
 Blade Hands              Tmut           2%         N/A       100%        5
 Irradiate                Conj/Tmut      2%         3d14      100%        5
 Manifold Assault         Tloc           5%         N/A       100%        5
 Dispersal                Tloc           2%         N/A       100%        6
 Malign Gateway           Summ/Tloc      2%         N/A       100%        7
 Storm Form               Tmut/Air       2%         N/A       100%        7
 Freeze                   Ice            Unusable   1d4       N/A         1
 Sublimation of Blood     Necr           Unusable   N/A       N/A         2
 Portal Projectile        Hex/Tloc       Unusable   N/A       N/A         3
 Excruciating Wounds      Necr           Unusable   N/A       N/A         5
 Metabolic Englaciation   Hex/Ice        Unusable   N/A       N/A         5

Dungeon Overview and Level Annotations

Branches:
Dungeon (15/15)            Temple (0/1) D:5            Lair (6/6) D:10
  Swamp (3/4) Lair:2       Spider (0/4) Lair:3        Slime (0/5) Lair:6
    Orc (2/2) D:11            Elf (0/3) Orc:2        Vaults (0/5) D:13
 Depths (0/4) D:15         Bailey (visited)

Altars:
Ashenzari
Elyvilon
Fedhas
Makhleb
Ru
Sif Muna
Trog
Uskayaw
Beogh

Shops:
D:4 (   D:6 !   D:11 *   Orc:2 [(!?

Annotations:
D:7 2 transporters
Lair:2 1 runed translucent door, SoManyFrogs's ghost, journeyman MiBe
Swamp:3 Alokieb's ghost, adept MiFi
Orc:2 2 transporters, p0werm0de's ghost, journeyman VSFi


Innate Abilities, Weirdness & Mutations

You have razor-sharp teeth.
You are frail. (-10% HP)
Your natural rate of healing is unusually fast.
When hurt, damage is shared between your health and your magic reserves.
Your bite disrupts and absorbs the magic of your enemies.
Potions cannot restore your health.
You sometimes lose the ability to drink potions when taking damage.
You cannot study or cast Hexes magic.
You cannot study or cast Ice magic.
You cannot study or cast Necromancy magic.
You are somewhat inexperienced. (-2 XL)
You are missing an eye, making it more difficult to aim.


Message History

The death drake is almost dead.
You are engulfed in dark miasma.
You are more poisoned.
You can drink potions again.
You feel very sick.
The death drake is stunned by your conviction and fails to attack.
Aiming: Corrosive Bolt
Press: ? - help, Shift-Dir - straight line, f - death drake
Aim: a death drake (foul pestilence, almost dead, catching its breath, 41% to hit)
Okay, then.
Aiming: Iceblast
Press: ? - help, Shift-Dir - straight line, f - death drake
Aim: a death drake (foul pestilence, almost dead, catching its breath) That beam is likely to hit you.
Continue anyway?
Okay, then.
Aiming: Iceblast
Press: ? - help, Shift-Dir - straight line, f/p - death drake
Aim: a death drake (foul pestilence, almost dead, catching its breath) That beam is likely to hit you.
Continue anyway?
The mass of ice explodes!
The iceblast engulfs the death drake!!
You kill the death drake!
The iceblast engulfs you!!
You feel threatened and lose the ability to drink potions!
You are engulfed in dark miasma.
You are lethally poisoned!
You feel yourself slow down.
* * * LOW HITPOINT WARNING * * *
You feel extremely sick.
Okay, then.
Okay, then.
Aiming: Iceblast
Press: ? - help, Shift-Dir - straight line, f - bog body
Aim: a bog body (severely damaged)
The mass of ice explodes!
The iceblast engulfs the bog body!!
The bog body partially resists.
You destroy the bog body!
You are engulfed in dark miasma.
You feel as though you will be slow longer.
* * * LOW HITPOINT WARNING * * *
You die...

>.≈≈...♣♣≈♣[..# ≈≈.♣
...≈..♣♣♣≈♣...##♣ ♣.≈.♣
.≈≈≈.♣♣♣[.[...#.♣♣♣.≈≈.♣
≈≈.≈♣♣ ♣♣.♣.♣.≈#♣♣≈≈≈.♣♣
≈♣♣♣♣ ♣♣♣♣♣≈..♣♣.≈§..♣
♣♣ ♣...♣♣.≈≈≈.♣♣ ♣
♣♣..♣♣≈≈.≈≈.♣≈ ♣
♣...†≈†.≈...≈
♣♣≈@♣≈..≈≈.≈≈
♣.≈♣.≈≈≈♣§≈.
♣≈≈≈.≈..≈≈..
♣♣≈.♣≈≈≈§§.≈ ♣♣≈.≈≈≈≈.≈≈
♣♣}[≈≈.≈≈≈ ♣≈♣≈≈.≈.
♣.♣≈≈..


There were no monsters in sight!

Vanquished Creatures
  Saint Roka (Orc:2)
  A thorn hunter (Swamp:2)
  Aizul (Swamp:2)
  3 eleionomae
  A bunyip (Swamp:2)
  A yaktaur captain (D:13)
  Josephine (D:13)
  9 hydras
  3 rakshasas (D:15)
  Fannar (Lair:2)
  An ogre mage (D:15)
  Erica (Lair:2)
  5 boulder beetles
  3 ghost crabs
  11 two-headed ogres
  2 centaur warriors
  2 alligators
  7 death yaks
  Nergalle (Lair:2)
  Lodul (D:10)
  A glowing orange brain (D:15)
  2 spriggan druids
  A death drake (Swamp:3)
  3 bog bodies
  7 swamp dragons
  A goliath frog (Swamp:1)
  An orc knight (Bailey)
  Pikel (D:8)
  14 ugly things
  An oklob plant (Lair:6)
  5 manticores
  A will-o-the-wisp (Swamp:1)
  2 orc sorcerers (Orc:2)
  3 cyclopes
  8 elephants
  18 black mambas
  Psyche (D:11)
  26 cane toads
  A torpor snail (Lair:2)
  2 kobold demonologists
  A rime drake (Lair:5)
  4 komodo dragons
  2 yaktaurs (D:13)
  A meliai (Lair:3)
  7 tyrant leeches
  A polar bear (Lair:6)
  3 trolls (D:12)
  9 hornets
  2 dream sheep
  17 slime creatures
  29 blink frogs
  A centaur simulacrum (D:15)
  10 spriggans
  3 shadows
  5 wyverns
  45 yaks
  A water elemental (D:15)
  5 wraiths
  4 basilisks
  A steam dragon (D:8)
  24 vampire mosquitoes
  2 wargs
  An acid dragon (D:12)
  7 swamp worms
  23 water moccasins
  A swamp drake (Swamp:1)
  29 orc warriors
  A sky beast (D:7)
  A black bear (D:5)
  9 ogres
  28 wolves
  12 centaurs
  4 phantoms
  2 kobold brigands
  19 bullfrogs
  3 necrophages (D:6)
  A scorpion (D:4)
  12 wights
  9 killer bees
  6 howler monkeys
  4 jellies
  5 hounds
  21 orc priests
  A gnoll shaman (D:5)
  9 iguanas
  Terence (D:3)
  27 orc wizards
  14 gnolls
  10 adders
  2 shadow imps
  A white imp (D:6)
  An ufetubus (D:5)
  3 worms
  4 dart slugs
  99 orcs
  6 endoplasms
  4 giant cockroaches
  14 goblins
  15 hobgoblins
  3 jackals
  5 quokkas
  5 ball pythons
  9 bats
  4 frilled lizards
  58 kobolds
  3 rats
  A bush (Lair:6)
829 creatures vanquished.

Vanquished Creatures (collateral kills)
  2 two-headed ogres (D:15)
  A bog body (Swamp:1)
  An ogre (D:15)
4 creatures vanquished.

Vanquished Creatures (others)
  An ettin (shapeshifter) (D:15)
  3 hydras
  A two-headed ogre (D:15)
  A death yak (Lair:5)
  An elephant (Lair:6)
  A manticore (D:13)
  A tyrant leech (Lair:6)
  2 blink frogs (Lair:6)
  A wyvern (Lair:5)
  A water moccasin (Lair:1)
  A wolf (Lair:2)
  A wight (D:9)
  2 killer bees
  An orc priest (Orc:2)
  An orc wizard (Orc:2)
  An orc (D:11)
  8 foxfires (Swamp:1)
  54 fungi
  97 plants
179 creatures vanquished.

Grand Total: 1012 creatures vanquished

Notes
Turn   | Place    | Note
-------+----------+-------------------------------------------
     0 | D:1      | Ajdolov the Vine Stalker Fighter began the quest for the
                  | Orb.
     0 | D:1      | Reached XP level 1. HP: 11/11 MP: 2/2
   146 | D:1      | Reached XP level 2. HP: 13/16 MP: 3/3
   428 | D:1      | Reached skill level 3 in Unarmed Combat
   456 | D:1      | Reached XP level 3. HP: 17/20 MP: 2/4
  1348 | D:2      | Found a shimmering blue altar of Sif Muna.
  1355 | D:2      | Found a faded altar of an unknown god.
  1416 | D:2      | Gained mutation: Your natural rate of healing is unusually
                  | fast. [Vine Stalker growth]
  1416 | D:2      | Reached XP level 4. HP: 24/24 MP: 5/5
  1626 | D:2      | Reached skill level 4 in Unarmed Combat
  1685 | D:2      | You fall into a shaft and drop 1 floor!
  1699 | D:2      | Reached XP level 5. HP: 10/28 MP: 3/6
  1881 | D:3      | Noticed Terence
  1895 | D:3      | Killed Terence
  1896 | D:3      | Reached skill level 5 in Unarmed Combat
  1935 | D:3      | Reached XP level 6. HP: 33/33 MP: 7/7
  2013 | D:3      | Found a sacrificial altar of Ru.
  2013 | D:3      | Found a shimmering blue altar of Sif Muna.
  2019 | D:3      | Became a worshipper of Ru the Awakened
  2460 | D:4      | Found Bifog's Weapon Emporium.
  2717 | D:4      | Reached skill level 6 in Unarmed Combat
  2964 | D:4      | Found a blossoming altar of Fedhas.
  3068 | D:4      | Reached XP level 7. HP: 30/38 MP: 4/8
  3479 | D:4      | Gained mutation: You cannot study or cast Ice magic. [Ru
                  | sacrifice]
  3479 | D:4      | Gained mutation: You cannot study or cast Hexes magic. [Ru
                  | sacrifice]
  3479 | D:4      | Gained mutation: You cannot study or cast Necromancy magic.
                  | [Ru sacrifice]
  3479 | D:4      | Reached * piety under Ru
  3544 | D:4      | Reached skill level 5 in Fighting
  3640 | D:5      | Entered Level 5 of the Dungeon
  3662 | D:5      | Reached skill level 7 in Unarmed Combat
  3702 | D:5      | Gained mutation: You have razor-sharp teeth. [Vine Stalker
                  | growth]
  3702 | D:5      | Reached XP level 8. HP: 43/43 MP: 9/9
  3834 | D:5      | Found a broken altar of Ashenzari.
  4044 | D:5      | Reached skill level 8 in Unarmed Combat
  4094 | D:5      | Reached skill level 1 in Spellcasting
  4256 | D:5      | Found a staircase to the Ecumenical Temple.
  4658 | D:6      | Found Newy Wet's Distillery.
  4850 | D:6      | Reached skill level 9 in Unarmed Combat
  4955 | D:6      | Reached XP level 9. HP: 41/47 MP: 12/14
  5122 | D:6      | Gained mutation: You are missing an eye, making it more
                  | difficult to aim. [Ru sacrifice]
  5122 | D:6      | Reached ** piety under Ru
  5630 | D:7      | Found a flagged portal.
  5635 | Bailey   | Entered a bailey
  5658 | Bailey   | Noticed an orc knight
  5681 | Bailey   | Killed an orc knight
  5682 | Bailey   | Reached skill level 10 in Unarmed Combat
  5996 | D:7      | Found a transporter.
  6049 | D:7      | Found a transporter.
  6073 | D:7      | Noticed a skeletal warrior
  6081 | D:7      | Noticed a skeletal warrior
  6090 | D:7      | HP: 2/50 [skeletal warrior/+0 short sword[a skeletal
                  | warrior] (12)]
  6244 | D:7      | Got the Guide on Congealing Dislocation
  6442 | D:7      | Noticed a skeletal warrior
  6556 | D:8      | Reached XP level 10. HP: 54/55 MP: 18/18
  6740 | D:8      | Reached skill level 5 in Spellcasting
  6813 | D:8      | Noticed Pikel
  6833 | D:8      | Killed Pikel
  6834 | D:8      | Reached skill level 11 in Unarmed Combat
  7310 | D:8      | Identified 4 scrolls of acquirement
  7333 | D:8      | Acquired 827 gold pieces
  7334 | D:8      | Acquired a +2 cloak of preservation
  7335 | D:8      | Acquired a +1 helmet of intelligence
  7336 | D:8      | Acquired 701 gold pieces
  7585 | D:9      | Gained mutation: You are somewhat inexperienced. (-2 XL)
                  | [Ru sacrifice]
  7585 | D:9      | Reached XP level 9. HP: 46/46 MP: 27/27
  7585 | D:9      | Reached XP level 8. HP: 42/42 MP: 26/26
  7585 | D:9      | Reached *** piety under Ru
  7793 | D:9      | Paralysed by a hornet for 3 turns
  8101 | D:9      | Reached skill level 12 in Unarmed Combat
  8351 | D:10     | Entered Level 10 of the Dungeon
  8351 | D:10     | Found a hide-covered altar of Uskayaw.
  8494 | D:10     | Found a white marble altar of Elyvilon.
  8521 | D:10     | Found a staircase to the Lair.
  8590 | D:10     | Reached skill level 1 in Evocations
  8596 | D:10     | Noticed a two-headed ogre
  8609 | D:10     | Killed a two-headed ogre
  8610 | D:10     | Reached XP level 9. HP: 52/52 MP: 19/19
  8689 | D:10     | Found a burning altar of Makhleb.
  8705 | D:10     | Noticed a blizzard demon
  8763 | D:10     | Noticed a two-headed ogre
  8774 | D:10     | Killed a two-headed ogre
  9004 | D:11     | Noticed Psyche
  9004 | D:11     | Noticed a two-headed ogre
  9008 | D:11     | Paralysed by Psyche for 4 turns
  9016 | D:11     | Killed a two-headed ogre
  9018 | D:11     | Killed Psyche
  9220 | D:11     | Found a staircase to the Orcish Mines.
  9274 | D:11     | Gained mutation: You are frail. (-10% HP) [Ru sacrifice]
  9274 | D:11     | Reached **** piety under Ru
  9274 | D:11     | Reached ***** piety under Ru
  9482 | D:11     | Noticed a manticore
  9495 | D:11     | Killed a manticore
  9566 | D:11     | Found Romoh's Demolitions Depot.
  9644 | D:11     | Noticed a two-headed ogre
  9667 | D:11     | Killed a two-headed ogre
  9668 | D:11     | Reached skill level 5 in Armour
  9818 | D:11     | Noticed a five-headed hydra
  9821 | D:11     | Noticed Lodul
  9821 | D:11     | Noticed a two-headed ogre
  9822 | D:11     | Noticed a two-headed ogre
  9823 | D:11     | Noticed a two-headed ogre
  9901 | D:10     | Killed a two-headed ogre
  9902 | D:10     | Reached skill level 5 in Evocations
 10054 | D:11     | Killed a five-headed hydra
 10112 | D:10     | Killed a two-headed ogre
 10224 | D:10     | Killed a two-headed ogre
 10225 | D:10     | Reached XP level 10. HP: 24/52 MP: 19/20
 10327 | D:10     | Killed Lodul
 10656 | Lair:1   | Entered Level 1 of the Lair of Beasts
 10694 | Lair:1   | Identified the ring "Xes Alimn" {Wiz Fly Str+4}
 10747 | Lair:1   | Noticed an eight-headed hydra
 10753 | Lair:1   | Killed an eight-headed hydra
 11771 | Lair:1   | Gained mutation: You sometimes lose the ability to drink
                  | potions when taking damage. [Ru sacrifice]
 11771 | Lair:1   | Reached ****** piety under Ru
 11791 | Lair:1   | Found the +8 whip "Snakebite" {venom, curare, rPois}
 12088 | Lair:2   | Noticed Nergalle
 12139 | Lair:1   | Reached XP level 11. HP: 32/56 MP: 24/24
 12185 | Lair:1   | Reached skill level 10 in Fighting
 12341 | Lair:2   | Found a staircase to the Swamp.
 12355 | Lair:2   | Noticed Erica
 12380 | Lair:2   | Killed Erica
 12387 | Lair:2   | Noticed Fannar
 12408 | Lair:2   | Killed Fannar
 12423 | Lair:2   | Killed Nergalle
 12730 | Lair:2   | Found a runed translucent door.
 12733 | Lair:2   | Noticed SoManyFrogs's ghost (journeyman MiBe)
 13583 | Lair:3   | Reached skill level 1 in Dodging
 13698 | Lair:3   | Found a hole to the Spider Nest.
 13814 | Lair:3   | Reached skill level 10 in Spellcasting
 14709 | Lair:4   | Reached XP level 12. HP: 55/60 MP: 27/27
 15100 | Lair:5   | Identified the +8 rapier "Giantbane" {chaos, Str+3}
 15101 | Lair:5   | Acquired the +3 warlock's mirror {reflect}
 15101 | Lair:5   | Found the +3 warlock's mirror {reflect}
 15451 | Lair:5   | Reached skill level 13 in Unarmed Combat
 15859 | Lair:6   | Entered Level 6 of the Lair of Beasts
 16199 | Lair:5   | Reached skill level 10 in Evocations
 16930 | Lair:6   | Reached skill level 14 in Unarmed Combat
 17230 | Lair:6   | Reached skill level 5 in Shields
 17328 | Lair:6   | Reached XP level 13. HP: 64/64 MP: 28/28
 17493 | Lair:6   | Found a staircase to the Slime Pits.
 17536 | Lair:6   | Identified the +0 chain mail "Tolyxo" {Slay+4}
 17989 | D:12     | Reached skill level 5 in Dodging
 18246 | D:13     | Noticed Josephine
 18690 | D:13     | Found a gate to the Vaults.
 18948 | D:13     | Killed Josephine
 19477 | D:14     | Reached skill level 15 in Unarmed Combat
 19760 | D:14     | Identified the +3 mace of the Bear {vorpal, rF- rC+ MP+9
                  | SInv}
 20279 | D:15     | Entered Level 15 of the Dungeon
 21607 | D:15     | Found a staircase to the Depths.
 21842 | Orc:1    | Entered Level 1 of the Orcish Mines
 22116 | Orc:1    | Reached XP level 14. HP: 69/69 MP: 29/29
 22268 | Orc:2    | Entered Level 2 of the Orcish Mines
 22268 | Orc:2    | Noticed p0werm0de's ghost (journeyman VSFi)
 22268 | Orc:2    | Found a transporter.
 22293 | Orc:2    | Found a transporter.
 22324 | Orc:2    | Found Houcwiv's Distillery.
 22379 | Orc:2    | Found a staircase to the Elven Halls.
 22646 | Orc:2    | Found Areq's Magic Scroll Boutique.
 22658 | Orc:2    | Reached skill level 16 in Unarmed Combat
 22678 | Orc:2    | Bought a scroll of teleportation for 42 gold pieces
 22678 | Orc:2    | Bought a scroll of teleportation for 42 gold pieces
 22678 | Orc:2    | Bought a scroll of teleportation for 42 gold pieces
 22678 | Orc:2    | Bought a scroll of enchant armour for 105 gold pieces
 22750 | Orc:2    | Noticed Saint Roka
 22781 | Orc:2    | Killed Saint Roka
 22912 | Orc:2    | Found Roog's Antique Weapon Boutique.
 22914 | Orc:2    | Found Raxo's Antique Armour Shop.
 23346 | Swamp:1  | Entered Level 1 of the Swamp
 23346 | Swamp:1  | You are sucked into a shaft and drop 1 floor!
 23352 | Swamp:2  | Noticed Aizul
 23371 | Swamp:2  | Killed Aizul
 23497 | Swamp:2  | Noticed a thorn hunter
 23518 | Swamp:2  | Killed a thorn hunter
 24304 | Swamp:1  | Identified the +1 leather armour "Azimaig" {Harm *Corrode
                  | rPois Str+7}
 24610 | Swamp:3  | Noticed Alokieb's ghost (adept MiFi)
 24618 | Swamp:3  | Found a bloodstained altar of Trog.
 24691 | Swamp:3  | Succumbed to poison (dark miasma)

Illustrated notes

Levels and vault maps discovered:
D:1:      erik_arrival_triangle_huge, layout_basic
D:2:      layout_loops_ring, basic_ecumenical_altar, basic_altar
D:3:      layout_rooms, mainiacjoe_overflow_divided_tiny, interstate_on_off,
          eino_tiny_chamber, minmay_misc_feat_tiny, uniq_terence
D:4:      minmay_goblin_kobold_castle, layout_basic, fedhas_altar_1,
          serial_shops, nicolae_shop_hallway_plus
D:5:      layout_gridville, cheibrodos_ashenzari_chains, temple_hall,
          minmay_misc_feat_cross, kennysheep_small_circle
D:6:      layout_basic, serial_shops, nicolae_stop_n_shop_2
D:7:      gammafunk_steamed_eel, layout_gridville,
          nicolae_gozag_cash_rules_everything_around_me, enter_bailey_3
D:8:      layout_loops_ring, uniq_pikel
D:9:      layout_loops_ring
D:10:     layout_long_grid, lemuel_doored_altar, makhleb_altar_promises_db,
          general_overflow_altar, dpeg_oklobed_lair
D:11:     layout_long_grid, hiddenorc2_lemuel, nicolae_blasting_shop,
          uniq_lodul, uniq_psyche
D:12:     layout_cave_pools, st_stairs_13
D:13:     layout_basic, david_vaults_2, uniq_josephine
D:14:     layout_roguey
D:15:     gammafunk_enter_depths_forms, layout_layer_cave, nrook_pool_corridor,
          amcnicky_mini_corridor_feature, nrook_campfire
Lair:1:   minmay_guarded_unrand_snakebite, layout_regular_city,
          dreamdust_mushroom_princess, lemuel_fruit_tree, grunt_megastairs_3
Lair:2:   layout_hall_layers, minmay_swamp_entry_reptiles,
          ebering_ghost_inner_flame, uniq_fannar, uniq_erica, uniq_nergalle
Lair:3:   layout_chaotic_city, hellmonk_spider_entry_not_the_bees,
          chequers_serial_rivers_micro_b, chequers_serial_rivers_micro_c,
          grunt_megastairs_2
Lair:4:   layout_roguey
Lair:5:   layout_regular_city
Lair:6:   minmay_lair_end_frog_pond, layout_cave_shapes,
          minmay_slime_entry_pillars, minmay_lair_oklob_bushes
Swamp:1:  layout_falls_marsh, nicolae_swamp_treefoil
Swamp:2:  layout_falls_marsh, evilmike_swamp_ruin_house_1, uniq_aizul
Swamp:3:  layout_falls_marsh, gammafunk_ghost_wrathful_warriors,
          evilmike_swamp_ruin_wall, swamp_pool4, roderic_carrion_pond
Orc:1:    layout_caves, mines2_lemuel
Orc:2:    grunt_orc_community_town_hall, layout_caves,
          grunt_orc_community_big_house_1, grunt_orc_community_big_house_1,
          grunt_orc_community_house_3, grunt_orc_community_house_3,
          grunt_orc_community_house_3, grunt_orc_community_house_1,
          gammafunk_ghost_arena

Skill      XL: |  1  2  3  4  5  6  7  8  9 10 11 12 13 14 |
---------------+-------------------------------------------+-----
Fighting       | 3 4 5 8 9 10 | 10.0
Unarmed Combat | 3 4 5 6 7 12 10 11 14 15 16 | 16.9
Spellcasting   | 6 4 8 10 | 10.0
Evocations     | 2 5 7 9 10 11 12 | 12.2
Armour         | 3 6 7 8 |  8.8
Dodging        | 2 4 6 7 |  7.5
Shields        | 5 7 8 |  8.1

Action                   |  1- 3 |  4- 6 |  7- 9 | 10-12 | 13-15 || total
-------------------------+-------+-------+-------+-------+-------++-------
Melee: Unarmed           |   124 |   163 |   800 |  1525 |  1021 ||  3633
       Bite              |    22 |    42 |   203 |   362 |   329 ||   958
Invok: Sacrifice Arcana  |       |       |     1 |       |       ||     1
       Sacrifice Experie |       |       |     1 |       |       ||     1
       Apocalypse        |       |       |     1 |     7 |     4 ||    12
       Power Leap        |       |       |     1 |     1 |     1 ||     3
       Sacrifice Health  |       |       |     1 |       |       ||     1
       Sacrifice an Eye  |       |       |     1 |       |       ||     1
       Sacrifice Drink   |       |       |       |     1 |       ||     1
       Draw Out Power    |       |       |       |       |     2 ||     2
Evoke: Wand              |       |       |    10 |     2 |     6 ||    18
       Condenser vane    |       |       |       |       |     2 ||     2
       Box of beasts     |       |       |       |       |     1 ||     1
  Use: Scroll            |       |       |     4 |    25 |     6 ||    35
       Potion            |       |       |       |     2 |     1 ||     3
 Stab: Paralysed         |       |       |    17 |     9 |    21 ||    47
       Invisible         |       |       |     4 |    19 |     8 ||    31
       Distracted        |       |       |       |     9 |     3 ||    12
Armor: Scale mail        |    47 |     2 |       |       |       ||    49
       Chain mail        |       |    89 |    86 |       |       ||   175
       Plate armour      |       |       |   357 |   889 |   449 ||  1695
       Skin              |       |       |     6 |       |     1 ||     7
Dodge: Dodged            |    55 |    41 |   219 |   396 |   224 ||   935
Block: Buckler           |    21 |    42 |   148 |   340 |   340 ||   891
       Reflection        |       |       |       |       |    34 ||    34

Table legend: (Time is in decaauts)
 A = Elapsed time spent in this place.
 B = Non-inter-level travel time spent in this place.
 C = Inter-level travel time spent in this place.
 D = Time resting spent in this place.
 E = Time spent auto-exploring this place.
 F = Levels seen in this place.
 G = Mean time per level.
                   A        B        C        D        E       F      G
               +--------+--------+--------+--------+--------+-----+--------+
         Total |  24091 |  22839 |   1252 |   1028 |  15465 |  27 |  892.3 |
       Dungeon |  14260 |  13582 |    678 |    618 |   9843 |  15 |  950.7 |
          Lair |   6912 |   6464 |    448 |    408 |   3804 |   6 | 1152.0 |
         Swamp |   1267 |   1208 |     59 |      2 |    795 |   3 |  422.3 |
  Orcish Mines |   1345 |   1278 |     67 |      0 |    903 |   2 |  672.5 |
        Bailey |    304 |    304 |      0 |      0 |    119 |   1 |  304.0 |
               +--------+--------+--------+--------+--------+-----+--------+

Top non-repeatable levels by time:
    D:15: 1460 daAuts
  Lair:1: 1425 daAuts
  Lair:6: 1356 daAuts
     D:4: 1259 daAuts
  Lair:5: 1249 daAuts
    D:11: 1172 daAuts
    D:10: 1157 daAuts
  Lair:3: 1078 daAuts
     D:1: 1077 daAuts
  Lair:2: 1052 daAuts
     D:8: 1031 daAuts
     D:5: 1009 daAuts
    D:13: 950 daAuts
   Orc:2: 920 daAuts
     D:6: 894 daAuts
